 Dungeon Crawl Stone Soup version 0.24-a0-451-g263dff2034 (webtiles) character file.

Game seed: 16613994467445271862

18 Krouwed the Shooter (level 2, -1/22 HPs)
             Began as a Human Hunter on June 26, 2019.
             Slain by an adder (3 damage)
             ... on level 1 of the Dungeon.
             The game lasted 00:01:55 (847 turns).

Krouwed the Shooter (Human Hunter)                   Turns: 847, Time: 00:01:55

Health: -1/22      AC:  3    Str: 17    XL:     2   Next: 85%
Magic:  2/2        EV: 12    Int: 11    God:
Gold:   53         SH:  0    Dex: 13    Spells: 1/1 levels left

rFire    . . .     SeeInvis .   a - +1 shortbow
rCold    . . .     Gourm    .   (shield currently unavailable)
rNeg     . . .     Faith    .   c - +0 leather armour
rPois    .         Spirit   .   (no helmet)
rElec    .         Reflect  .   (no cloak)
rCorr    .         Harm     .   (no gloves)
MR       .....                  (no boots)
Stlth    +.........             (no amulet)
HPRegen  0.07/turn              (no ring)
MPRegen  0.08/turn              (no ring)

@: mighty, lethally poisoned (-1 -> -9)
A: no striking features
a: no special abilities


You were on level 1 of the Dungeon.
You were not hungry.

You visited 1 branch of the dungeon, and saw 2 of its levels.

You collected 53 gold pieces.

Inventory:

Hand Weapons
 a - a +1 shortbow (weapon)
 b - a +0 short sword
Missiles
 d - 16 arrows (quivered)
 e - 28 poisoned darts
Armour
 c - a +0 leather armour (worn)
Jewellery
 i - an uncursed ring of stealth {unknown}
Scrolls
 g - a scroll of magic mapping {unknown}
 h - a scroll of immolation {unknown}
 m - a scroll of amnesia {unknown}
Potions
 j - 2 potions of might
 k - a potion of lignification {unknown}
Comestibles
 f - a ration
 l - 4 chunks of flesh


   Skills:
 - Level 2.0 Fighting
 + Level 4.7 Bows
 - Level 2.0 Dodging
 - Level 1.0 Stealth


You had one spell level left.
You didn't know any spells.
Your spell library was empty.

Dungeon Overview and Level Annotations

Branches:
Dungeon (2/15)

Altars:


Message History

Aim: an adder (heavily wounded)
You shoot an arrow. The arrow hits the adder.
The adder is severely wounded.
* * * LOW HITPOINT WARNING * * *
You feel sick. The adder misses you.
Firing (i - inventory. (/) - cycle)
d - 17 arrows (quivered)
Press: ? - help, Shift-Dir - straight line, f/p - adder
Aim: an adder (severely wounded)
You shoot an arrow. The arrow closely misses the adder.
The arrow hits the goblin.
The goblin is moderately wounded.
The adder bites you.
* * * LOW HITPOINT WARNING * * *
You are more poisoned.
The adder poisons you!
It was a potion of might.
You feel very mighty all of a sudden.
* * * LOW HITPOINT WARNING * * *
You feel sick. The adder bites you.
You die...

..........#..........#
#########.#.########.#
..........#.# #.....#
#####.......####.#####
# #.##............#
#####....##)......#.#
#...####>......(g##.#
#.#.# #....####S##.#
#.#.# #..### #@##.#
#.#.####..# #.##.#
#.#.......# #.##.#
#.##.....## #.##.#
#..#.##..# #.##.#
##.#.....#######.##.#
...###........##.##.#
...# #...........##.#
...# ###.####.#####.#


You could see an adder and a goblin.

Vanquished Creatures
  A leopard gecko (D:1)
  A goblin (D:1)
  2 hobgoblins
  4 jackals (D:1)
  A bat (D:1)
  2 frilled lizards (D:1)
  2 kobolds (D:1)
  3 rats (D:1)
16 creatures vanquished.

Notes
Turn   | Place    | Note
-------+----------+-------------------------------------------
     0 | D:1      | Krouwed the Human Hunter began the quest for the Orb.
     0 | D:1      | Reached XP level 1. HP: 16/16 MP: 1/1
   145 | D:1      | Reached XP level 2. HP: 22/22 MP: 2/2
   847 | D:1      | Slain by an adder

Levels and vault maps discovered:
D:1:      erik_arrival_triangle_large, layout_basic
D:2:      layout_loops_cross, uniq_terence

Action                   || total
-------------------------++-------
Melee: Short sword       ||    32
 Fire: Shortbow          ||    11
Throw: Dart              ||    29
  Use: Potion            ||     1
 Stab: Sleeping          ||     1
Armor: Leather armour    ||    20
Dodge: Dodged            ||    44

Table legend:
 A = Non-vault XP
 B = Vault XP
 C = Vault XP percentage of total XP
 D = Non-vault monster count
 E = Vault monster count
 F = Vault count percentage of total count
                 A         B        C        D         E       F
            +---------+---------+-------+---------+---------+-------
      Total |      26 |       0 |   0.0 |      16 |       0 |   0.0
            +---------+---------+-------+---------+---------+-------
        D:1 |      24 |       0 |   0.0 |      15 |       0 |   0.0
        D:2 |       2 |       0 |   0.0 |       1 |       0 |   0.0
            +---------+---------+-------+---------+---------+-------
